[Event "Estonian-ch Women 2020"]
[Site "Paul Kerese Malemaja"]
[Date "2020.08.08"]
[Round "1.2"]
[White "Ivanova, Lidia"]
[Black "Tonso, Liina"]
[Result "0-1"]
[ECO "B20"]
[WhiteElo "1430"]
[BlackElo "1862"]
[Annotator "NA RC"]
[PlyCount "69"]
[EventDate "2020.08.09"]
[EventCountry "EST"]
[SourceTitle "playchess.com"]
[Source "ChessBase"]
[SourceQuality "1"]
[TimeControl "40/5400+30:900+30"]

1. e4 c5 2. d3 a6 3. g3 b5 4. Bg2 Bb7 5. f4 e6 6. Nf3 d5 7. e5 h5 8. Be3 Nh6 9. h3 Nf5 10. Bf2 Nc6 11. Nbd2 Be7 12. a4 b4 13. Nb3 Qb6 14. O-O Na5 15. Nxa5 Qxa5 16. b3 Qc7 17. Rc1 a5 18. Qe1 Rc8 19. g4 hxg4 20. hxg4 Nh6 21. Nh2 c4 22. dxc4 dxc4 23. Bxb7 Qxb7 24. Qe2 Bc5 25. Bxc5 Rxc5 26. Qg2 Qxg2+ 27. Kxg2 Ke7 28. Rfd1 f6 29. exf6+ gxf6 30. Re1 Rhc8 31. Re3 cxb3 32. Rce1 bxc2 33. Rxe6+ Kf7 34. g5 fxg5 35. Rxh6 0-1

[Event "Estonian-ch Women 2020"]
[Site "Paul Kerese Malemaja"]
[Date "2020.08.09"]
[Round "2.2"]
[White "Sinitsina, Anastassia"]
[Black "Ivanova, Lidia"]
[Result "1-0"]
[ECO "A06"]
[WhiteElo "2175"]
[BlackElo "1430"]
[Annotator "ChessBase"]
[PlyCount "43"]
[EventDate "2020.08.09"]
[EventCountry "EST"]
[SourceTitle "playchess.com"]
[Source "ChessBase"]
[SourceQuality "1"]
[TimeControl "40/5400+30:900+30"]

1. Nf3 d5 2. g3 Nf6 3. Bg2 g6 4. b3 Bg7 5. Bb2 O-O 6. O-O c6 7. d3 Bf5 8. Nbd2 a5 9. a4 Na6 10. Re1 Qc8 11. e4 dxe4 12. dxe4 Bh3 13. Nc4 Bxg2 14. Kxg2 Qd8 15. Qe2 Nh5 16. e5 Nb4 17. Rad1 Qc7 18. Qe4 f5 19. exf6 Bxf6 20. Qe6+ Kh8 21. Rd7 Qb8 22. Qxe7 1-0

[Event "Estonian-ch Women 2020"]
[Site "Paul Kerese Malemaja"]
[Date "2020.08.09"]
[Round "2.3"]
[White "Tonso, Liina"]
[Black "Blokhin, Sofia"]
[Result "1-0"]
[ECO "A80"]
[WhiteElo "1862"]
[BlackElo "1786"]
[Annotator "NA"]
[PlyCount "144"]
[EventDate "2020.08.09"]
[EventCountry "EST"]
[SourceTitle "playchess.com"]
[Source "ChessBase"]
[SourceQuality "1"]
[TimeControl "40/5400+30:900+30"]

1. d4 f5 2. h3 Nf6 3. Nf3 d6 4. Bf4 e6 5. e3 Be7 6. c4 {[%emt 0:04:57] A80: Dutch Defence: Unusual White second moves.} O-O 7. Nc3 Ne4 8. Qc2 Nxc3 9. Qxc3 Nd7 10. Be2 Nf6 {[%emt 0:00:37] [#]} 11. O-O $146 ({Predecessor:} 11. Bd3 a5 12. a4 b6 13. O-O Qe8 14. Qe1 Bb7 15. Ng5 Bd8 16. d5 exd5 17. Bxf5 dxc4 {½-½ (31) Radulov,N (1731)-Djordjevic,Z (1956) Belgrade 2018}) 11... Ne4 12. Qc2 b6 13. b4 a5 14. a3 Bb7 15. Nd2 Ng5 16. Rfd1 Ra7 17. c5 Qa8 18. cxb6 cxb6 19. Bxg5 Bxg5 20. Bf3 d5 21. b5 Qb8 22. Rac1 Bc8 23. Be2 Bd7 24. Nf3 Bf6 25. Qb2 f4 26. Qd2 g5 27. Bd3 Kh8 28. Qe2 Rg8 29. e4 Qf8 30. exd5 exd5 31. Ne5 Bc8 32. Rc6 Re7 33. Rdc1 Bb7 34. Rxb6 Qg7 35. a4 Rge8 36. Qd2 Bxe5 37. dxe5 Qxe5 38. Qxa5 d4 39. Qd2 Qd5 40. Bf1 Re2 41. Qd3 Re1 42. Rxe1 Rxe1 43. Kh2 Ba8 44. Rb8+ Kg7 45. Qc4 Qxc4 46. Bxc4 Be4 47. Re8 Rc1 48. Rxe4 Rxc4 49. a5 Rc5 50. Rxd4 Rxb5 51. Ra4 Rb8 (51... Rb7 $142 52. h4 Ra7 53. hxg5 Kg6) 52. a6 Kf6 53. a7 Ra8 54. Ra5 h6 55. Kg1 Ke6 56. Kf1 Kd6 57. Ke2 Kc6 58. Kf3 Kd6 59. Kg4 Ke6 60. Kh5 Kf6 61. Ra6+ Kg7 62. Rg6+ Kf8 63. Ra6 $2 (63. Kxh6 $18 Rxa7 64. Kxg5) 63... Kg7 64. Kg4 Kf8 65. Kf5 Kg7 66. Ke6 f3 67. gxf3 Kg6 68. Kd6 Kf5 69. Kc7 Kf4 70. Kb7 Rxa7+ 71. Kxa7 Kxf3 72. Rxh6 g4 1-0

[Event "Estonian-ch Women 2020"]
[Site "Paul Kerese Malemaja"]
[Date "2020.08.09"]
[Round "2.4"]
[White "Bashkite, Viktoria"]
[Black "Narva, Triin"]
[Result "0-1"]
[ECO "A15"]
[WhiteElo "2186"]
[BlackElo "2107"]
[Annotator "ChessBase"]
[PlyCount "66"]
[EventDate "2020.08.09"]
[EventCountry "EST"]
[SourceTitle "playchess.com"]
[Source "ChessBase"]
[SourceQuality "1"]
[TimeControl "40/5400+30:900+30"]

1. c4 Nf6 2. Nf3 g6 3. Nc3 Bg7 4. e4 d6 5. d4 O-O 6. h3 Nbd7 7. e5 Ne8 8. Bg5 f6 9. exf6 Nexf6 10. Qd2 c6 11. Bh6 e5 12. Bxg7 Kxg7 13. Ng5 Qe7 14. O-O-O h6 15. dxe5 dxe5 16. Nf3 b6 17. Bd3 Nc5 18. Bc2 Bf5 19. Bxf5 gxf5 20. Nh4 Nfe4 21. Nxe4 fxe4 22. g3 Nd3+ 23. Kb1 Qg5 24. f4 exf4 25. Qc3+ Qf6 26. Rxd3 exd3 27. Qxd3 Rad8 28. Qf3 Rd2 29. Qa3 f3 30. Kc1 Rfd8 31. Qxa7+ R8d7 32. Qxb6 f2 33. Rf1 Rd1+ 0-1

[Event "Estonian-ch Women 2020"]
[Site "Paul Kerese Malemaja"]
[Date "2020.08.10"]
[Round "3.2"]
[White "Blokhin, Sofia"]
[Black "Sinitsina, Anastassia"]
[Result "1-0"]
[ECO "B90"]
[WhiteElo "1786"]
[BlackElo "2175"]
[Annotator "ChessBase"]
[PlyCount "143"]
[EventDate "2020.08.09"]
[EventCountry "EST"]
[SourceTitle "playchess.com"]
[Source "ChessBase"]
[SourceQuality "1"]
[TimeControl "40/5400+30:900+30"]

1. e4 c5 2. Nf3 d6 3. d4 cxd4 4. Nxd4 Nf6 5. Nc3 a6 6. Be3 e5 7. Nb3 Be6 8. f3 h5 9. Qd2 Nbd7 10. O-O-O b5 11. h3 Rc8 12. Kb1 Nb6 13. Qf2 Nfd7 14. Nd5 Bxd5 15. exd5 Nc4 16. Bc1 Be7 17. Bd3 h4 18. f4 a5 19. fxe5 Ndxe5 20. Nd4 Qb6 21. Rhf1 g6 22. Rde1 Rh7 23. Bf4 Rb8 24. Bxe5 Nxe5 25. Bxb5+ Kf8 26. b3 Kg8 27. a4 Qc7 28. Nc6 Nxc6 29. dxc6 d5 30. Qe3 Bd6 31. Qd4 Rh5 32. Re2 Bg3 33. Qg4 Rd8 34. Re3 Qd6 35. Ref3 Rh7 36. Qg5 Be5 37. Re1 Rh5 38. Qc1 Qc5 39. Ref1 Rf8 40. Rd3 Bg7 41. Ka2 Re5 42. Rdf3 Re7 43. Qd2 Rb8 44. c3 Rbe8 45. Qf2 Qxf2+ 46. R1xf2 Rc7 47. Rd3 Re1 48. Kb2 Rce7 49. Rxd5 R1e3 50. Rc2 Be5 51. Rd7 Bg3 52. Rxe7 Rxe7 53. Rd2 f5 54. Rd7 Kf7 55. Rxe7+ Kxe7 56. b4 Bc7 57. Be2 Kd6 58. b5 Kc5 59. Kc2 Kd5 60. Kd3 Bb6 61. Bd1 Ke5 62. Bb3 g5 63. Bd1 Kd5 64. Bh5 Ke5 65. Kc4 Ke6 66. c7 Kd7 67. Kd5 f4 68. c4 Bxc7 69. c5 Bd8 70. b6 Bf6 71. Bg4+ Kd8 72. c6 1-0

[Event "Estonian-ch Women 2020"]
[Site "Paul Kerese Malemaja"]
[Date "2020.08.10"]
[Round "3.3"]
[White "Narva, Triin"]
[Black "Tonso, Liina"]
[Result "1-0"]
[ECO "B15"]
[WhiteElo "2107"]
[BlackElo "1862"]
[Annotator "ChessBase"]
[PlyCount "77"]
[EventDate "2020.08.09"]
[EventCountry "EST"]
[SourceTitle "playchess.com"]
[Source "ChessBase"]
[SourceQuality "1"]
[TimeControl "40/5400+30:900+30"]

1. e4 c6 2. d4 d5 3. Nc3 dxe4 4. Nxe4 Nf6 5. Nxf6+ exf6 6. c3 Bd6 7. Bd3 O-O 8. Qc2 h6 9. Ne2 Re8 10. Be3 Nd7 11. Rd1 Nf8 12. O-O Qc7 13. h3 Be6 14. c4 c5 15. d5 Bd7 16. b4 b6 17. bxc5 Bxc5 18. Bxc5 bxc5 19. Ng3 Qa5 20. Qd2 Qc7 21. Rb1 Rab8 22. Rxb8 Rxb8 23. Re1 Re8 24. Rxe8 Bxe8 25. Qe3 Ba4 26. Nf5 Ng6 27. d6 Qc8 28. h4 Kh8 29. Ne7 Qe8 30. Bxg6 fxg6 31. Qxc5 Qd7 32. Qc8+ Qxc8 33. Nxc8 Kg8 34. Nxa7 Kf7 35. Nc8 Ke6 36. c5 g5 37. hxg5 hxg5 38. Nb6 Bc6 39. a4 1-0

[Event "Estonian-ch Women 2020"]
[Site "Paul Kerese Malemaja"]
[Date "2020.08.10"]
[Round "3.4"]
[White "Narva, Mai"]
[Black "Bashkite, Viktoria"]
[Result "1-0"]
[ECO "B01"]
[WhiteElo "2333"]
[BlackElo "2186"]
[Annotator "ChessBase"]
[PlyCount "65"]
[EventDate "2020.08.09"]
[EventCountry "EST"]
[SourceTitle "playchess.com"]
[Source "ChessBase"]
[SourceQuality "1"]
[TimeControl "40/5400+30:900+30"]

1. e4 d5 2. exd5 Qxd5 3. Nc3 Qa5 4. d4 Nf6 5. Nf3 Nc6 6. d5 Nb4 7. Bc4 Bg4 8. a3 Bxf3 9. gxf3 O-O-O 10. Bd2 Qc5 11. axb4 Qxc4 12. Rxa7 Nxd5 13. b3 Qd4 14. Ra8+ Kd7 15. Rxd8+ Kxd8 16. Ne2 Qf6 17. Bf4 e6 18. c4 Bxb4+ 19. Kf1 g5 20. Be3 Qxf3 21. Rg1 f6 22. cxd5 exd5 23. Qa1 Ke7 24. Rg3 Qh1+ 25. Ng1 Rf8 26. Bd4 Bd6 27. Re3+ Kd7 28. Bxf6 c6 29. Be5 Bc5 30. Re2 Rf3 31. Qa5 Bd6 32. Bxd6 Kxd6 33. Qb4+ 1-0

[Event "Estonian-ch Women 2020"]
[Site "Paul Kerese Malemaja"]
[Date "2020.08.11"]
[Round "4.2"]
[White "Olde, Margareth"]
[Black "Ivanova, Lidia"]
[Result "1-0"]
[ECO "D11"]
[WhiteElo "2201"]
[BlackElo "1430"]
[Annotator "ChessBase"]
[PlyCount "51"]
[EventDate "2020.08.09"]
[EventCountry "EST"]
[SourceTitle "playchess.com"]
[Source "ChessBase"]
[SourceQuality "1"]
[TimeControl "40/5400+30:900+30"]

1. Nf3 d5 2. d4 Nf6 3. c4 c6 4. e3 a6 5. Bd3 Bg4 6. Nbd2 e6 7. O-O Be7 8. Qc2 Nbd7 9. b3 Bh5 10. Bb2 Bg6 11. Ne5 Qc7 12. h3 Nxe5 13. dxe5 Nd7 14. cxd5 exd5 15. e6 Nf6 16. exf7+ Bxf7 17. e4 dxe4 18. Nxe4 O-O-O 19. Rfe1 Bg6 20. Nc5 Bxc5 21. Bxg6 Bxf2+ 22. Qxf2 hxg6 23. Be5 Qa5 24. Qa7 Qb5 25. Qb8+ Kd7 26. Qd6+ 1-0

[Event "Estonian-ch Women 2020"]
[Site "Paul Kerese Malemaja"]
[Date "2020.08.11"]
[Round "4.3"]
[White "Sinitsina, Anastassia"]
[Black "Narva, Triin"]
[Result "1-0"]
[ECO "B07"]
[WhiteElo "2175"]
[BlackElo "2107"]
[Annotator "ChessBase"]
[PlyCount "73"]
[EventDate "2020.08.09"]
[EventCountry "EST"]
[SourceTitle "playchess.com"]
[Source "ChessBase"]
[SourceQuality "1"]
[TimeControl "40/5400+30:900+30"]

1. e4 d6 2. d4 Nf6 3. Nc3 g6 4. f3 Bg7 5. Be3 c6 6. Qd2 b5 7. g4 h5 8. g5 Nfd7 9. O-O-O O-O 10. Kb1 Nb6 11. Bd3 Qc7 12. Nce2 c5 13. c3 c4 14. Bc2 e5 15. f4 exf4 16. Nxf4 Nc6 17. Nf3 Bg4 18. Rdf1 a5 19. Nh4 b4 20. h3 Bd7 21. Qe2 bxc3 22. bxc3 Rab8 23. Ka1 Ne7 24. Nxh5 Na4 25. Bxa4 Bxa4 26. Nxg7 Kxg7 27. d5 Rg8 28. Bd4+ Kf8 29. Qf2 Be8 30. Ng2 Rg7 31. Nf4 Bd7 32. Bxg7+ Kxg7 33. Nh5+ gxh5 34. Qxf7+ Kh8 35. Rf6 Ng8 36. Qxh5+ Kg7 37. Rf7# 1-0

[Event "Estonian-ch Women 2020"]
[Site "Paul Kerese Malemaja"]
[Date "2020.08.11"]
[Round "4.4"]
[White "Tonso, Liina"]
[Black "Narva, Mai"]
[Result "0-1"]
[ECO "E21"]
[WhiteElo "1862"]
[BlackElo "2333"]
[Annotator "ChessBase"]
[PlyCount "92"]
[EventDate "2020.08.09"]
[EventCountry "EST"]
[SourceTitle "playchess.com"]
[Source "ChessBase"]
[SourceQuality "1"]
[TimeControl "40/5400+30:900+30"]

1. d4 Nf6 2. c4 e6 3. Nf3 Bb4+ 4. Nc3 Ne4 5. Qc2 d5 6. a3 Bxc3+ 7. bxc3 O-O 8. e3 Nd7 9. cxd5 exd5 10. Bd3 Ndf6 11. c4 c5 12. O-O Be6 13. Bb2 Rc8 14. Rac1 h6 15. Ne5 Nd6 16. Qe2 cxd4 17. Bxd4 Qa5 18. cxd5 Nxd5 19. Qb2 Nb6 20. Qb4 Qxb4 21. axb4 Rfd8 22. Bxb6 axb6 23. Nf3 b5 24. Nd4 Bc4 25. Bf5 Ra8 26. Rfd1 g6 27. Bg4 Ra4 28. Rb1 Ne4 29. Rdc1 Ra2 30. Bf3 Nxf2 31. Bxb7 Ng4 32. Re1 Re8 33. e4 Ne5 34. Ra1 Rb2 35. Nc6 Nd3 36. Re3 Nf4 37. g3 Nh3+ 38. Kh1 Nf2+ 39. Kg1 Ng4 40. Rea3 Rxe4 41. Na5 Rd4 42. Nxc4 bxc4 43. h3 Nf2 44. R3a2 Nxh3+ 45. Kf1 Rxb4 46. Bg2 Ng5 0-1

[Event "Estonian-ch Women 2020"]
[Site "Paul Kerese Malemaja"]
[Date "2020.08.12"]
[Round "5.2"]
[White "Blokhin, Sofia"]
[Black "Olde, Margareth"]
[Result "1-0"]
[ECO "B07"]
[WhiteElo "1786"]
[BlackElo "2201"]
[Annotator "ChessBase"]
[PlyCount "109"]
[EventDate "2020.08.09"]
[EventCountry "EST"]
[SourceTitle "playchess.com"]
[Source "ChessBase"]
[SourceQuality "1"]
[TimeControl "40/5400+30:900+30"]

1. e4 d6 2. d4 Nf6 3. Nc3 e5 4. d5 Be7 5. Nge2 c6 6. Ng3 O-O 7. Be2 cxd5 8. exd5 a6 9. a4 Ne8 10. O-O f5 11. a5 Nd7 12. f4 b5 13. axb6 Qxb6+ 14. Kh1 e4 15. Na4 Qa7 16. Ra3 Bh4 17. Be3 Qc7 18. Bf2 Qd8 19. c4 a5 20. Qd2 Rb8 21. Nc3 Nc5 22. Nb5 Bf6 23. Nh5 Be7 24. Qxa5 Qxa5 25. Rxa5 g6 26. Ng3 Bd7 27. Bxc5 dxc5 28. Ra7 Nf6 29. Rfa1 Rfd8 30. Rd1 Ne8 31. Rd2 Nd6 32. Nc3 Bf6 33. Rc2 Rb4 34. Ra6 Bc8 35. Rc6 Bd4 36. Nb5 Nxb5 37. cxb5 Bb7 38. Bc4 Bxc6 39. dxc6+ Kf8 40. b3 Be3 41. Nf1 Bxf4 42. g3 Bg5 43. Kg2 Ke7 44. Ra2 h5 45. Ra7+ Kf6 46. Ra6 Rc8 47. h4 Bc1 48. c7+ Ke5 49. Re6+ Kd4 50. b6 f4 51. Rd6+ Kc3 52. Rd8 e3 53. Rxc8 Rxc4 54. bxc4 e2 55. Kf2 1-0

[Event "Estonian-ch Women 2020"]
[Site "Paul Kerese Malemaja"]
[Date "2020.08.12"]
[Round "5.3"]
[White "Narva, Mai"]
[Black "Sinitsina, Anastassia"]
[Result "1-0"]
[ECO "C88"]
[WhiteElo "2333"]
[BlackElo "2175"]
[Annotator "ChessBase"]
[PlyCount "109"]
[EventDate "2020.08.09"]
[EventCountry "EST"]
[SourceTitle "playchess.com"]
[Source "ChessBase"]
[SourceQuality "1"]
[TimeControl "40/5400+30:900+30"]

1. e4 e5 2. Nf3 Nc6 3. Bb5 a6 4. Ba4 Nf6 5. O-O Be7 6. Re1 b5 7. Bb3 O-O 8. h3 Bb7 9. d3 d5 10. exd5 Nxd5 11. Nxe5 Nd4 12. Nc3 Nb4 13. Be3 Nxb3 14. axb3 Bd6 15. f4 Re8 16. Rc1 f6 17. Ng4 h5 18. Nf2 Rxe3 19. Rxe3 Bxf4 20. Re2 Bxc1 21. Qxc1 Nc6 22. Re1 Nd4 23. Qd1 f5 24. Qxh5 Nxc2 25. Re5 Nd4 26. Ne2 Nxe2+ 27. Rxe2 Qf6 28. h4 Bd5 29. Nh3 Bf7 30. Qf3 Rd8 31. Ng5 Qd4+ 32. Qf2 Qxf2+ 33. Kxf2 Bxb3 34. Re7 c5 35. Rc7 c4 36. d4 g6 37. Rc6 b4 38. Rxg6+ Kf8 39. Rb6 Ke7 40. Ke3 a5 41. Rb5 Bc2 42. d5 c3 43. bxc3 b3 44. Ne6 Rg8 45. Nc5 Rg3+ 46. Kd4 a4 47. Rb7+ Kf6 48. Rb6+ Kf7 49. Rb7+ Kg6 50. d6 Rxg2 51. d7 Rd2+ 52. Ke5 Rxd7 53. Nxd7 a3 54. Nf8+ Kh5 55. Kf4 1-0

[Event "Estonian-ch Women 2020"]
[Site "Paul Kerese Malemaja"]
[Date "2020.08.12"]
[Round "5.4"]
[White "Bashkite, Viktoria"]
[Black "Tonso, Liina"]
[Result "0-1"]
[ECO "A12"]
[WhiteElo "2186"]
[BlackElo "1862"]
[Annotator "ChessBase"]
[PlyCount "90"]
[EventDate "2020.08.09"]
[EventCountry "EST"]
[SourceTitle "playchess.com"]
[Source "ChessBase"]
[SourceQuality "1"]
[TimeControl "40/5400+30:900+30"]

1. c4 c6 2. Nf3 d5 3. b3 Nf6 4. Bb2 Bf5 5. d3 e6 6. Nbd2 Bd6 7. g3 Nbd7 8. Bg2 h6 9. O-O O-O 10. Nd4 Bh7 11. e4 Nc5 12. Qe2 e5 13. Nf5 Bxf5 14. exf5 Re8 15. Nf3 e4 16. dxe4 dxe4 17. Ne1 Be5 18. Rd1 Qc7 19. b4 Na4 20. Bxe5 Qxe5 21. Qc2 Nb6 22. Qb3 Qxf5 23. Nc2 Qe6 24. Ne3 Rad8 25. a4 Ng4 26. Nxg4 Qxg4 27. a5 Nd7 28. f3 exf3 29. Bxf3 Qg6 30. c5 Ne5 31. Bg2 Ng4 32. Rd6 Rxd6 33. cxd6 Rd8 34. a6 bxa6 35. Bxc6 Rxd6 36. Bd5 Rf6 37. Re1 Qh5 38. Qc2 g6 39. Bxf7+ Rxf7 40. Re8+ Kh7 41. Qb2 Nf6 42. Rd8 Qf5 43. Qd4 Re7 44. Qd2 Qb1+ 45. Kg2 Qe4+ 0-1

[Event "Estonian-ch Women 2020"]
[Site "Paul Kerese Malemaja"]
[Date "2020.08.13"]
[Round "6.2"]
[White "Sinitsina, Anastassia"]
[Black "Bashkite, Viktoria"]
[Result "1-0"]
[ECO "B32"]
[WhiteElo "2175"]
[BlackElo "2186"]
[Annotator "ChessBase"]
[PlyCount "89"]
[EventDate "2020.08.09"]
[EventCountry "EST"]
[SourceTitle "playchess.com"]
[Source "ChessBase"]
[SourceQuality "1"]
[TimeControl "40/5400+30:900+30"]

1. e4 c5 2. Nf3 Nc6 3. d4 cxd4 4. Nxd4 d5 5. Nxc6 bxc6 6. exd5 Qxd5 7. Nc3 Qxd1+ 8. Nxd1 e5 9. Bc4 Nf6 10. O-O Bc5 11. Re1 Nd7 12. Be3 Bb4 13. c3 Bd6 14. f3 Nb6 15. Bb3 Nd5 16. Bf2 Be6 17. Ne3 Ke7 18. Nc4 f6 19. Na5 Rhc8 20. Rad1 Nf4 21. Ba4 Bd5 22. a3 Rab8 23. Rd2 c5 24. Be3 Bc7 25. Bxf4 Bxa5 26. Rxd5 Rxb2 27. Rd7+ Ke6 28. Rxa7 Bxc3 29. Bd7+ Kd6 30. Rd1+ Bd4+ 31. Rxd4+ cxd4 32. Bxc8 exf4 33. Rxg7 Kd5 34. Bf5 Ke5 35. Be4 Ra2 36. h4 h6 37. Re7+ Kd6 38. Rh7 Rxa3 39. Rxh6 Ke6 40. Rh8 f5 41. Rh6+ Ke5 42. Rh5 d3 43. Rxf5+ Kd4 44. Rd5+ Ke3 45. Rxd3+ 1-0

[Event "Estonian-ch Women 2020"]
[Site "Paul Kerese Malemaja"]
[Date "2020.08.13"]
[Round "6.3"]
[White "Olde, Margareth"]
[Black "Narva, Triin"]
[Result "1-0"]
[ECO "E71"]
[WhiteElo "2201"]
[BlackElo "2107"]
[Annotator "ChessBase"]
[PlyCount "59"]
[EventDate "2020.08.09"]
[EventCountry "EST"]
[SourceTitle "playchess.com"]
[Source "ChessBase"]
[SourceQuality "1"]
[TimeControl "40/5400+30:900+30"]

1. c4 Nf6 2. Nc3 g6 3. e4 d6 4. d4 Bg7 5. h3 O-O 6. Be3 c5 7. d5 e6 8. Nf3 Na6 9. Be2 Nc7 10. O-O b6 11. dxe6 Nxe6 12. Qd3 Bb7 13. Rad1 Re8 14. Rfe1 h6 15. Bf1 Re7 16. Nd5 Nxd5 17. exd5 Nf8 18. Qd2 Kh7 19. Bf4 Bc8 20. Bd3 a5 21. Bg3 Ba6 22. Qf4 Rd7 23. Bh4 Qb8 24. Re2 Raa7 25. Rde1 b5 26. Re8 Qb6 27. Be7 bxc4 28. Qxf7 cxd3 29. Rxf8 h5 30. Qg8+ 1-0

[Event "Estonian-ch Women 2020"]
[Site "Paul Kerese Malemaja"]
[Date "2020.08.13"]
[Round "6.4"]
[White "Ivanova, Lidia"]
[Black "Blokhin, Sofia"]
[Result "0-1"]
[ECO "B40"]
[WhiteElo "1430"]
[BlackElo "1786"]
[Annotator "NA"]
[PlyCount "106"]
[EventDate "2020.08.09"]
[EventCountry "EST"]
[SourceTitle "playchess.com"]
[Source "ChessBase"]
[SourceQuality "1"]
[TimeControl "40/5400+30:900+30"]

1. e4 c5 2. Nf3 e6 3. d3 Nc6 4. g3 g6 5. Bg2 Bg7 6. O-O Nge7 7. c3 O-O 8. Re1 d5 9. e5 f6 10. exf6 Bxf6 11. Bf4 Nf5 12. Na3 a6 13. Nc2 Bd7 14. h4 Qb6 15. Rb1 Ng7 16. Qd2 Nh5 17. Be5 Nxe5 18. Nxe5 Bxe5 19. Rxe5 Rf6 20. Ne3 Rff8 21. Ng4 Nf6 22. Nxf6+ Rxf6 23. h5 Raf8 24. Rf1 Be8 25. h6 Bd7 26. Bh3 a5 27. Qe2 Qd6 28. f4 b5 29. Re1 Re8 30. f5 gxf5 31. Bxf5 Rxh6 32. g4 Qe7 33. Qg2 Kh8 34. Qxd5 Qh4 35. Qg2 Rg8 36. Kf1 exf5 37. Re7 Bc6 38. Qg1 Rxg4 39. Qe3 Qh3+ 40. Qxh3 Rxh3 41. R1e6 Rh1+ 42. Kf2 Rg2+ 43. Ke3 Re1+ 44. Kf4 Rxe6 45. Rxe6 Bd7 46. Re7 Rg7 47. Re5 h5 48. Re3 Rg4+ 49. Ke5 c4 50. d4 Re4+ 51. Rxe4 fxe4 52. Kxe4 h4 53. Kf4 h3 0-1

[Event "Estonian-ch Women 2020"]
[Site "Paul Kerese Malemaja"]
[Date "2020.08.14"]
[Round "7.3"]
[White "Narva, Triin"]
[Black "Ivanova, Lidia"]
[Result "1-0"]
[ECO "B19"]
[WhiteElo "2107"]
[BlackElo "1430"]
[Annotator "NA"]
[PlyCount "77"]
[EventDate "2020.08.09"]
[EventCountry "EST"]
[SourceTitle "playchess.com"]
[Source "ChessBase"]
[SourceQuality "1"]
[TimeControl "40/5400+30:900+30"]

1. e4 c6 2. d4 d5 3. Nc3 dxe4 4. Nxe4 Bf5 5. Ng3 Bg6 6. h4 h6 7. Nf3 Nd7 8. h5 Bh7 9. Bd3 Bxd3 10. Qxd3 e6 11. Bd2 Qc7 12. O-O-O O-O-O 13. Ne4 Ngf6 14. g3 Nxe4 15. Qxe4 Nf6 16. Qe2 Bd6 17. Kb1 Kb8 {[%emt 0:00:33] is more profitable than 17...Rhe8 at the moment. Played by Hikaru Nakamura in July 2020. B19: Classical Caro-Kann: 4...Bf5 main line.} 18. c4 c5 19. Bc3 {[%emt 0:16:07] [#]} a6 $146 ({Predecessor:} 19... Ka8 20. dxc5 Bxc5 21. Ne5 Rc8 22. b3 a6 23. Bb2 Rhd8 24. f4 Bd6 25. g4 Ne8 {0-1 (55) Panarin,M (2562)-Nakamura,H (2736) chess.com INT 2020}) 20. Ne5 Bxe5 21. dxe5 Nd7 22. Rd6 Nb6 23. Rhd1 Nc8 24. R6d3 Ne7 25. Qd2 Kc8 26. Ba5 Rxd3 27. Qxd3 Qxa5 28. Qd7+ Kb8 29. Qxe7 Qc7 30. Rd7 Qc6 31. a3 (31. Qd6+ $18 Qxd6 32. exd6) 31... Qe4+ 32. Ka1 Qh1+ 33. Ka2 Qe4 34. Qd6+ ({Not} 34. Qxc5 Rc8 $16) 34... Ka8 35. Qxc5 Qf3 36. Qc7 Rf8 37. a4 Ka7 38. Qc5+ Ka8 39. Qxf8+ 1-0

[Event "Estonian-ch Women 2020"]
[Site "Paul Kerese Malemaja"]
[Date "2020.08.14"]
[Round "7.4"]
[White "Tonso, Liina"]
[Black "Sinitsina, Anastassia"]
[Result "0-1"]
[ECO "E91"]
[WhiteElo "1862"]
[BlackElo "2175"]
[Annotator "ChessBase"]
[PlyCount "54"]
[EventDate "2020.08.09"]
[EventCountry "EST"]
[SourceTitle "playchess.com"]
[Source "ChessBase"]
[SourceQuality "1"]
[TimeControl "40/5400+30:900+30"]

1. d4 Nf6 2. c4 g6 3. Nc3 Bg7 4. e4 d6 5. Nf3 O-O 6. Be2 Na6 7. O-O e5 8. a3 exd4 9. Nxd4 Nc5 10. f3 a5 11. Be3 a4 12. Qc2 c6 13. Rfd1 Qe7 14. Bf2 Nfd7 15. Ra2 Re8 16. Bf1 Ne5 17. b4 axb3 18. Nxb3 Nxb3 19. Qxb3 Be6 20. Rad2 Qg5 21. Kh1 b5 22. Rxd6 Nxc4 23. Bxc4 Bxc4 24. Qc2 Rxa3 25. Bd4 Bxd4 26. R1xd4 Qe3 27. h3 Rxc3 0-1

[Event "Estonian-ch Women 2020"]
[Site "Paul Kerese Malemaja"]
[Date "2020.08.15"]
[Round "8.2"]
[White "Olde, Margareth"]
[Black "Bashkite, Viktoria"]
[Result "1-0"]
[ECO "D08"]
[WhiteElo "2205"]
[BlackElo "2186"]
[Annotator "RC"]
[PlyCount "85"]
[EventDate "2020.08.09"]
[EventCountry "EST"]
[SourceTitle "playchess.com"]
[Source "ChessBase"]
[SourceQuality "1"]
[TimeControl "40/5400+30:900+30"]

1. d4 d5 2. c4 e5 3. dxe5 d4 4. Nf3 Nc6 5. Bg5 Be7 6. Bxe7 Ngxe7 7. g3 Ng6 8. Bg2 O-O 9. O-O Ngxe5 10. Na3 Rb8 11. Nb5 Nxc4 12. b3 Nd6 13. Nbxd4 Bd7 14. Qc2 Re8 15. e3 Rc8 16. Rad1 Qf6 17. Nh4 Ne5 18. e4 Ng6 19. Nhf5 c5 20. Nxd6 Qxd6 21. Nf5 Qc7 22. Nd6 h5 23. Nxc8 Qxc8 24. Rd5 h4 25. Rxc5 Bc6 26. f4 hxg3 27. hxg3 Qd8 28. Rd1 Qb6 29. Qf2 f6 30. Rc4 Qa5 31. Rcd4 a6 32. b4 Qa3 33. Rd8 Qxb4 34. Rxe8+ Bxe8 35. Qd4 Qa3 36. Qd3 Qc5+ 37. Kh2 Ne7 38. Rd2 Bb5 39. Qd6 Qh5+ 40. Bh3 Bf1 41. Qe6+ Kh7 42. Rf2 Bxh3 43. Qxh3 1-0

[Event "Estonian-ch Women 2020"]
[Site "Paul Kerese Malemaja"]
[Date "2020.08.15"]
[Round "8.4"]
[White "Blokhin, Sofia"]
[Black "Narva, Triin"]
[Result "0-1"]
[ECO "E81"]
[WhiteElo "1786"]
[BlackElo "2107"]
[Annotator "ChessBase"]
[PlyCount "50"]
[EventDate "2020.08.09"]
[EventCountry "EST"]
[SourceTitle "playchess.com"]
[Source "ChessBase"]
[SourceQuality "1"]
[TimeControl "40/5400+30:900+30"]

1. d4 Nf6 2. c4 d6 3. Nc3 g6 4. e4 Bg7 5. f3 O-O 6. g4 e5 7. g5 Nh5 8. Nge2 Nc6 9. d5 Nd4 10. Nxd4 exd4 11. Nb5 f5 12. Nxd4 fxe4 13. fxe4 Qe7 14. Bg2 Qe5 15. Be3 Nf4 16. Qd2 Qxg5 17. Bf3 Qh4+ 18. Kd1 Nh3 19. Rf1 Bg4 20. Ke2 Bxf3+ 21. Nxf3 Qxe4 22. Nd4 Bxd4 23. Qxd4 Qg2+ 24. Bf2 Rae8+ 25. Kd2 Nxf2 0-1

[Event "Estonian-ch Women 2020"]
[Site "Paul Kerese Malemaja"]
[Date "2020.08.16"]
[Round "9.4"]
[White "Narva, Mai"]
[Black "Blokhin, Sofia"]
[Result "1-0"]
[ECO "B43"]
[WhiteElo "2333"]
[BlackElo "1786"]
[Annotator "ChessBase"]
[PlyCount "47"]
[EventDate "2020.08.09"]
[EventCountry "EST"]
[SourceTitle "playchess.com"]
[Source "ChessBase"]
[SourceQuality "1"]
[TimeControl "40/5400+30:900+30"]

1. e4 c5 2. Nf3 e6 3. d4 cxd4 4. Nxd4 a6 5. Nc3 Qc7 6. Bd3 Nf6 7. Qe2 d6 8. f4 Nbd7 9. g4 Nc5 10. g5 Nfd7 11. Bd2 b5 12. b4 Nxd3+ 13. cxd3 Bb7 14. O-O Be7 15. Rac1 Qb8 16. Qg4 O-O 17. Rf3 Rd8 18. Nxe6 Ne5 19. fxe5 Bc8 20. Rxf7 Kxf7 21. Nxd8+ Bxd8 22. Qh5+ Ke6 23. Qe8+ Be7 24. Nd5 1-0